 Dungeon Crawl Stone Soup version 0.31-a0-1570-g93c622d222 (webtiles) character file.

Game seed: 11209341762621396087

1543 innerfire43 the Twirler (level 8, -1/61 HPs)
             Began as a Demonspawn Wanderer on Jan 3, 2024.
             Was a Priest of Uskayaw.
             Slain by a lemure (4 damage)
             ... led by Pikel
             ... on level 6 of the Dungeon.
             The game lasted 00:08:44 (4135 turns).

innerfire43 the Twirler (Demonspawn Wanderer)       Turns: 4135, Time: 00:08:44

Health: -1/61      AC: 10    Str: 16    XL:     8   Next: 56%
Magic:  10/10      EV: 12    Int:  9    God:    Uskayaw [***...]
Gold:   205        SH:  0    Dex: 15    Spells: 7/7 levels left

rFire   . . .        s - +4 quarterstaff (spect)
rCold   + . .        (shield currently unavailable)
rNeg    . . .        v - +2 robe {rC+}
rPois   .            p - +0 helmet
rElec   .            t - +2 cloak
rCorr   .            (no gloves)
SInv    .            (no boots)
Will    +....        B - amulet of regeneration
Stlth   ++           i - ring of flight
HPRegen 1.10/turn    D - ring of willpower
MPRegen 0.12/turn

%: no passive effects
@: flying
A: yellow scales 1, demonic guardian 1, ignite blood 1, weakness stinger 1
a: Renounce Religion, Stomp, Line Pass


You were on level 6 of the Dungeon.
You worshipped Uskayaw.
Uskayaw was noncommittal.
You visited 2 branches of the dungeon, and saw 7 of its levels.

You collected 205 gold pieces.

Inventory:

Hand Weapons
 a - a +3 quarterstaff
 b - a +0 short sword
 s - a +4 spectral quarterstaff (weapon)
Missiles
 u - a throwing net
Armour
 d - a +0 leather armour
 p - a +0 helmet (worn)
 q - a +0 kite shield
 t - a +2 cloak (worn)
 v - a +2 robe of cold resistance (worn)
Jewellery
 i - a ring of flight (left hand)
 x - a ring of protection from fire
 B - an amulet of regeneration (around neck)
 D - a ring of willpower (right hand)
Wands
 g - a wand of mindburst (9)
 j - a wand of flame (1)
Scrolls
 e - 3 scrolls of teleportation
 m - a scroll of amnesia
 w - a scroll of enchant armour
 y - a scroll of vulnerability
 A - a scroll of fog
Potions
 c - 2 potions of heal wounds
 f - 3 potions of resistance
 h - 2 potions of haste
 l - 3 potions of mutation
 n - a potion of might {unknown}
 o - a potion of attraction {unknown}
 r - a potion of curing {unknown}
 z - a potion of lignification {unknown}
 C - 2 potions of berserk rage {unknown}


   Skills:
 + Level 4.9 Fighting
 - Level 1.7 Short Blades
 + Level 5.9 Staves
 + Level 5.3 Armour
 + Level 2.6 Dodging
 - Level 1.7 Stealth
 * Level 2.9 Invocations
 - Level 2.4 Evocations


You had 7 spell levels left.
You didn't know any spells.
Your spell library contained the following spells:

 Spells                   Type           Power      Damage    Failure   Level
 Ozocubu's Armour         Ice            0%         N/A       77%         3
 Metabolic Englaciation   Hex/Ice        0%         N/A       100%        5
 Sculpt Simulacrum        Ice/Alch       0%         N/A       100%        6


Dungeon Overview and Level Annotations

Branches:
Dungeon (6/15)             Temple (1/1) D:5

Altars:
Ashenzari
Cheibriados
Dithmenos
Fedhas
Gozag
Hepliaklqana
Kikubaaqudgha
Makhleb
Nemelex Xobeh
Okawaru
Qazlal
Ru
Sif Muna
Trog
Uskayaw
Wu Jian
Xom
Yredelemnul

Shops:
D:4 *

Annotations:
D:6 Pikel


Innate Abilities, Weirdness & Mutations

You are partially covered in yellow scales. (AC +2)
A weak demonic guardian rushes to your aid.
Your demonic aura sometimes causes spilled blood to erupt in flames.
You have a small tail.


Message History

The wight hits you with a +0 spear.
Unknown command.
You closely miss the lemure.
The lemure is almost dead.
Your +4 spectral quarterstaff hits the lemure.
Pikel hits you with a +1 whip of flaming.
Pikel burns you. The lemure closely misses you. The wight closely misses you.
The lemure hits your +4 spectral quarterstaff!
Your spectral weapon shares its damage with you!
You closely miss the lemure.
Your tail-slap misses the lemure.
The lemure is almost dead.
Your +4 spectral quarterstaff barely misses the lemure.
Pikel hits you but does no damage. The lemure hits you.
The wight closely misses you. The lemure hits you but does no damage.
The lemure closely misses you.
Unknown command.
You are too injured to fight recklessly!
You sock Pikel!
Your tail-slap misses Pikel.
Pikel is moderately wounded.
Pikel is engulfed in blazing flames.
Pikel hits you with a +1 whip of flaming!
Pikel burns you. The lemure closely misses you.
The wight hits you but does no damage. The lemure misses you.
The lemure hits you.
* * * LOW HITPOINT WARNING * * *
The lemure hits you but does no damage.
Uskayaw will force your foes to helplessly watch your dance.
Uskayaw prepares the audience for your solo!
The helpless Pikel fails to defend himself.
You hit Pikel but do no damage.
Pikel is heavily wounded.
Pikel is no longer paralysed.
The lemure is no longer paralysed. x4
Pikel is engulfed in blazing flames.
Pikel hits you with a +1 whip of flaming!
* * * LOW HITPOINT WARNING * * *
A demonic guardian appears!
Pikel burns you.
* * * LOW HITPOINT WARNING * * *
The lemure hits you but does no damage. x2; The lemure barely misses you.
The lemure hits you.
You die...

#.......# ####)......#
########... ....)).....#
#..........
........[..###..........
............##....!.....
............##..........
........%....#..........
############..)55K...#
##..(@z...# ##..555..#
#.......# #..........
######...># #.#.. .# # #


You could see Pikel, 4 lemures, a wight (paralysed, ally target), a friendly +4
spectral quarterstaff and a friendly shadow imp (summoned).

Vanquished Creatures
  Prince Ribbit (D:5)
  Sigmund (D:4)
  A water moccasin (D:4)
  A phantom (D:5)
  A kobold brigand (D:6)
  3 scorpions (D:5)
  2 wights (D:6)
  2 howler monkeys (D:5)
  2 bombardier beetles
  4 hounds
  3 orc priests (D:3)
  Crazy Yiuf (D:2)
  Ijyb (D:3)
  2 iguanas
  An orc wizard (D:3)
  4 gnolls
  6 adders
  2 dart slugs
  A ribbon worm (D:3)
  6 orcs
  6 ball pythons
  5 endoplasms
  2 giant cockroaches
  7 goblins
  12 hobgoblins
  3 quokkas
  3 bats
  A frilled lizard (D:2)
  5 kobolds
  3 rats (D:3)
92 creatures vanquished.

Vanquished Creatures (collateral kills)
  A gnoll (D:2)
1 creature vanquished.

Grand Total: 93 creatures vanquished

Notes
Turn   | Place    | Note
-------+----------+-------------------------------------------
     0 | D:1      | innerfire43 the Demonspawn Wanderer began the quest for the
                  | Orb.
     0 | D:1      | innerfire43 set off with the following items: a +3
                  | quarterstaff, a +0 short sword, a potion of heal wounds, a
                  | +0 leather armour.
     0 | D:1      | Reached XP level 1. HP: 16/16 MP: 1/1
   174 | D:1      | Found a faded altar of an unknown god.
   208 | D:1      | Gained mutation: A weak demonic guardian rushes to your
                  | aid. [demonic ancestry]
   208 | D:1      | Reached XP level 2. HP: 19/22 MP: 2/2
  1025 | D:2      | Gained mutation: You have a small tail. [demonic ancestry]
  1025 | D:2      | Reached XP level 3. HP: 8/28 MP: 3/3
  1140 | D:2      | Found a runed translucent door.
  1141 | D:2      | Noticed Crazy Yiuf
  1299 | D:2      | Reached XP level 4. HP: 23/34 MP: 4/4
  1635 | D:2      | Killed Crazy Yiuf
  1747 | D:3      | Reached XP level 5. HP: 35/40 MP: 5/5
  2066 | D:3      | Found a broken altar of Ashenzari.
  2093 | D:3      | Noticed Ijyb
  2113 | D:3      | Killed Ijyb
  2114 | D:3      | Reached XP level 6. HP: 36/47 MP: 6/6
  2465 | D:4      | Found Sidwulal's General Store.
  2532 | D:4      | Noticed Sigmund
  2545 | D:4      | Killed Sigmund
  2681 | D:4      | Gained mutation: Your demonic aura sometimes causes spilled
                  | blood to erupt in flames. [demonic ancestry]
  2681 | D:4      | Reached XP level 7. HP: 41/53 MP: 7/7
  3046 | D:4      | Reached skill level 1 in Evocations
  3126 | D:4      | Found a shimmering altar of Xom.
  3183 | D:4      | Found a shadowy altar of Dithmenos.
  3183 | D:4      | Found a hazy altar of Hepliaklqana.
  3186 | D:4      | Noticed a shadow
  3238 | D:5      | Entered Level 5 of the Dungeon
  3252 | D:5      | Reached skill level 1 in Dodging
  3258 | D:5      | Reached skill level 5 in Staves
  3374 | D:5      | Found a staircase to the Ecumenical Temple.
  3385 | D:5      | Noticed Prince Ribbit
  3393 | D:5      | Killed Prince Ribbit
  3394 | D:5      | Reached skill level 5 in Armour
  3394 | D:5      | Gained mutation: You are partially covered in yellow
                  | scales. (AC +2) [demonic ancestry]
  3394 | D:5      | Reached XP level 8. HP: 51/61 MP: 8/8
  3438 | Temple   | Entered the Ecumenical Temple
  3519 | Temple   | Became a worshipper of Uskayaw the Reveller
  3616 | D:5      | Found a stormy altar of Qazlal.
  3644 | D:5      | Found a burning altar of Makhleb.
  3820 | D:5      | Reached * piety under Uskayaw
  3821 | D:5      | Reached skill level 1 in Invocations
  4083 | D:6      | Reached ** piety under Uskayaw
  4123 | D:6      | Noticed Pikel
  4134 | D:6      | Reached *** piety under Uskayaw
  4135 | D:6      | HP: 3/61 [Pikel/+1 whip of flaming (3)]
  4135 | D:6      | Slain by a lemure

Illustrated notes

Levels and vault maps discovered:
D:1:      minmay_arrival_open_corners, layout_loops_ring,
          shapermc_ecumenical_altar_pompeii, ebering_dispersal_statue_hall
D:2:      layout_loops_ring, uniq_crazy_yiuf_cottage
D:3:      layout_loops_ring, mainiacjoe_overflow_catch_the_wave, uniq_ijyb
D:4:      layout_rooms, riverfiend_overflow_shadow_ancestor,
          nicolae_overflow_hidden_temple, st_stairs_11,
          nicolae_concentric_dashed_squares_wild, kennysheep_small_spiral,
          nicolae_stop_n_shop_1, uniq_sigmund
D:5:      layout_cave_pools, mainiacjoe_overflow_two_lobes, temple_statues,
          nrook_uturn, minmay_diced_spiral, uniq_prince_ribbit1
D:6:      layout_basic, minmay_tree_intersection, uniq_pikel
Temple:   nicolae_temple_superstar

Skill      XL: |  1  2  3  4  5  6  7  8 |
---------------+-------------------------+-----
Staves         | 2 3 4 5 |  5.9
Armour         | 2 3 4 5 |  5.3
Fighting       | 3 4 |  4.9
Evocations     | 2 |  2.4
Dodging        | 2 |  2.6
Invocations    | 2 |  2.9
Short Blades   | |  1.7
Stealth        | |  1.7

Action                     |  1- 3 |  4- 6 |  7- 9 || total
---------------------------+-------+-------+-------++-------
  Melee: Quarterstaff      |    68 |    78 |    66 ||   212
         Tailslap          |     2 |    12 |     5 ||    19
    Use: Potion            |     2 |       |       ||     2
         Scroll            |       |     6 |     4 ||    10
   Stab: Sleeping          |     3 |     2 |     2 ||     7
         Distracted        |       |     2 |     1 ||     3
         Paralysed         |       |       |     1 ||     1
 Armour: Leather armour    |    45 |    41 |       ||    86
         Robe              |       |       |    46 ||    46
         Skin              |       |       |     4 ||     4
  Dodge: Dodged            |    43 |    31 |    45 ||   119

Table legend: (Time is in decaauts)
 A = Elapsed time spent in this place.
 B = Non-inter-level travel time spent in this place.
 C = Inter-level travel time spent in this place.
 D = Time resting spent in this place.
 E = Time spent auto-exploring this place.
 F = Levels seen in this place.
 G = Mean time per level.
                   A        B        C        D        E       F      G
               +--------+--------+--------+--------+--------+-----+--------+
         Total |   4164 |   4143 |     21 |      0 |   3185 |   7 |  594.9 |
       Dungeon |   4073 |   4052 |     21 |      0 |   3185 |   6 |  678.8 |
        Temple |     90 |     90 |      0 |      0 |      0 |   1 |   90.0 |
               +--------+--------+--------+--------+--------+-----+--------+

Top non-repeatable levels by time:
     D:2: 927 daAuts
     D:1: 804 daAuts
     D:4: 776 daAuts
     D:3: 758 daAuts
     D:5: 688 daAuts
     D:6: 118 daAuts
  Temple: 90 daAuts
